 Dungeon Crawl Stone Soup version 0.30-b1-2-g02819fbbbe (webtiles) character file.

Game seed: 7189651658653277859

69790 Fartwhistle the Grappler (level 14, 0/146 HPs)
             Began as a Troll Transmuter on Aug 31, 2023.
             Was a High Priest of Cheibriados.
             Slain by Rupert
             ... wielding a +2 great mace of pain
              (4 damage)
             ... on level 12 of the Dungeon.
             The game lasted 01:04:36 (16881 turns).

Fartwhistle the Grappler (Troll Transmuter)        Turns: 16881, Time: 01:04:38

Health: 0/146      AC: 20    Str: 34    XL:     14   Next: 91%
Magic:  6/20       EV: 11    Int: 32    God:    Cheibriados [*****.]
Gold:   741        SH:  0    Dex: 23    Spells: 8/23 levels left

rFire   + +          .
                       - Unarmed
rCold   + . .        (no shield)
rNeg    . . .        f - +7 fire dragon scales
rPois   +            (helmet restricted)
rElec   .            O - +0 cloak
rCorr   .            (gloves unavailable)
SInv    .            (boots unavailable)
Will    +....        a - amulet "Solesh" {+Inv rPois rC++ Regen+ Slay+2} Stlth
                     h - ring of poison resistance
HPRegen 2.04/turn    y - +6 ring of intelligence
MPRegen 0.17/turn

%: no passive effects
@: very slow
A: large, unfitting armour, claws 3, regeneration 1, shaggy fur 1, tough skin 1
a: Renounce Religion, Evoke Invisibility, Bend Time, Temporal Distortion,
Slouch, Step From Time


You were on level 12 of the Dungeon.
You worshipped Cheibriados.
Cheibriados was extremely pleased with you.
You visited 3 branches of the dungeon, and saw 19 of its levels.
You visited the Abyss 1 time.
You also visited: Bailey and Volcano.

You collected 1401 gold pieces.
You spent 660 gold pieces at shops.

Inventory:

Hand Weapons
 w - the +1 flail "Impbane" {drain, rF+ Will++}
   (You took it off an orc wizard on level 5 of the Dungeon)

   rF:        It protects you from fire.
   Will:      It greatly increases your willpower.
 G - a +0 arbalest
 R - a +2 hand crossbow of flaming
Missiles
 g - 19 poisoned darts
 j - 4 throwing nets
 r - 3 boomerangs of dispersal
 B - 14 boomerangs
 K - 7 curare-tipped darts
 T - 9 large rocks
Armour
 f - +7 fire dragon scales (worn)
 O - a +0 cloak (worn)
Jewellery
 a - the amulet "Solesh" (around neck) {+Inv rPois rC++ Regen+ Slay+2}
   (You found it on level 11 of the Dungeon)

   [amulet of regeneration]

   Slay:      It affects your accuracy & damage with ranged weapons and melee
   (+2).
   rC:        It greatly protects you from cold.
   rPois:     It protects you from poison.
   +Inv:      It lets you turn invisible.
   Regen:     It increases your rate of health regeneration.
 h - a ring of poison resistance (left claw)
 y - a +6 ring of intelligence (right claw)
 E - an amulet of the acrobat
 S - a ring of protection from fire
Wands
 v - a wand of flame (15)
 H - a wand of charming (12)
 P - a wand of digging (5)
Scrolls
 b - 6 scrolls of enchant weapon
 c - 3 scrolls of blinking
 i - 3 scrolls of noise
 l - 6 scrolls of vulnerability
 m - a scroll of magic mapping
 n - 2 scrolls of torment
 p - 3 scrolls of fear
 q - 5 scrolls of amnesia
 s - 9 scrolls of teleportation
 u - a scroll of fog
 D - a scroll of butterflies
 I - 3 scrolls of poison {unknown}
Potions
 d - 7 potions of curing
 e - a potion of resistance
 k - 8 potions of flight
 o - a potion of berserk rage {unknown}
 t - 4 potions of brilliance
 x - 4 potions of mutation
 z - 2 potions of cancellation
 A - a potion of heal wounds
 C - 2 potions of invisibility
 J - 2 potions of attraction {unknown}
 M - a potion of might
 N - a potion of magic {unknown}
 Q - 2 potions of haste {unknown}
Miscellaneous
 F - a tin of tremorstones (2/2)
 L - a phial of floods


   Skills:
 - Level 11.4 Fighting
 - Level 5.0 Armour
 - Level 4.0 Dodging
 - Level 11.5 Unarmed Combat
 - Level 5.2 Spellcasting
 + Level 7.7 Transmutations
 + Level 7.6 Earth Magic
 - Level 6.0 Poison Magic
 - Level 7.0 Invocations
 - Level 4.0 Evocations


You had 8 spell levels left.
You knew the following spells:

 Your Spells              Type           Power      Damage    Failure   Level
a - Beastly Appendage     Tmut           100%       N/A       1%          1
b - Wereblood             Tmut           55%        N/A       1%          2
c - Eringya's Noxious Bo  Tmut/Pois      25%        N/A       67%         6
d - Statue Form           Tmut/Erth      36%        N/A       56%         6

Your spell library contained the following spells:

 Spells                   Type           Power      Damage    Failure   Level
 Spider Form              Tmut/Pois      51%        N/A       1%          3
 Petrify                  Tmut/Erth      55%        N/A       4%          4
 Foxfire                  Conj/Fire      32%        2x1d5     11%         1
 Necrotise                Necr           32%        1d5       11%         1
 Ensorcelled Hibernation  Hex/Ice        16%        N/A       16%         2
 Static Discharge         Conj/Air       16%        2-3/arc   16%         2
 Alistair's Intoxication  Tmut/Pois      34%        N/A       17%         5
 Ice Form                 Ice/Tmut       33%        N/A       22%         4
 Frozen Ramparts          Ice            16%        1d3       32%         3
 Gell's Gravitas          Tloc           8%         N/A       32%         3
 Portal Projectile        Hex/Tloc       16%        N/A       32%         3
 Teleport Other           Tloc           8%         N/A       32%         3
 Vampiric Draining        Necr           8%         2d6       32%         3
 Borgnjor's Vile Clutch   Necr/Erth      16%        N/A       52%         5
 Airstrike                Air            4%         2d(1-17)  71%         4
 Anguish                  Hex/Necr       4%         N/A       71%         4
 Summon Ice Beast         Ice/Summ       8%         N/A       71%         4
 Summon Lightning Spire   Summ/Air       8%         N/A       71%         4
 Agony                    Necr           8%         N/A       96%         5
 Fireball                 Conj/Fire      4%         3d4       96%         5
 Metabolic Englaciation   Hex/Ice        4%         N/A       96%         5
 Dispersal                Tloc           4%         N/A       100%        6
 Plasma Beam              Fire/Air       4%         2x1d15    100%        6
 Simulacrum               Ice/Necr       4%         N/A       100%        6
 Starburst                Conj/Fire      4%         6d3       100%        6
 Enfeeble                 Hex            4%         N/A       100%        7
 Ozocubu's Refrigeration  Ice            4%         4d8       100%        7
 Chain Lightning          Conj/Air       4%         3d5       100%        9
 Polar Vortex             Ice            4%         N/A       100%        9


Dungeon Overview and Level Annotations

Branches:
Dungeon (13/15) Temple (1/1) D:4 Lair (5/5) D:8 Swamp (0/4) Lair:2 Snake (0/4) Lair:2 Slime (0/5) Lair:4 Orc (0/2) D:9 Vaults (0/5) D:12 D:13 Bailey (visited) Volcano (visited)

Altars:
Ashenzari
Cheibriados
Dithmenos
Elyvilon
Fedhas
Gozag
Hepliaklqana
Kikubaaqudgha
Makhleb
Nemelex Xobeh
Okawaru
Qazlal
Ru
Sif Muna
Trog
Uskayaw
Vehumet
Wu Jian
Xom
Yredelemnul
Zin
The Shining One
Jiyva

Shops:
D:1 [   D:5 *   D:6 *

Annotations:
D:3 2 transporters, diceflayer's ghost, amateur DsFi
D:8 exclusion: downstairs
D:10 Maurice
D:11 1 runed translucent door, doot's ghost, journeyman OgAE
D:12 Rupert
D:13 Urug


Innate Abilities, Weirdness & Mutations

You are too large for most types of armour.
You have claws for hands.
Your natural rate of healing is unusually fast.
You are covered in fur. (AC +1)
You have tough skin. (AC +1)


Message History

The human hits you but does no damage.
Unknown command.
Unknown command.
Activating: Slouch (8% risk of failure)
Press: ? - help, Dir - look around, f - activate You can feel time thicken for a moment.
You kill the human!
Cheibriados appreciates the change of pace.
You kill the human!
Cheibriados appreciates the change of pace.
You kill the human!
Cheibriados appreciates the change of pace.
You kill the human!
Cheibriados thoroughly appreciates the change of pace.
You kill the human!
Cheibriados appreciates the change of pace.
Cheibriados lowers the support of your attributes as your movement quickens.
Rupert hits you with a +2 great mace of pain!!!
You writhe in agony!
Rupert hits you but does no damage.
You writhe in agony.
Unknown command.
Activating: Slouch (8% risk of failure)
Press: ? - help, Dir - look around, f - activate You can feel time thicken for a moment.
Cheibriados lowers the support of your attributes as your movement quickens.
Rupert hits you with a +2 great mace of pain!
You writhe in agony.
Unknown command.
Throw: 10 large rocks
Press: ? - help, Shift-Dir - straight line, f - Rupert
Aim: Rupert, wielding a +2 great mace of pain and wearing a +0 scale mail (severely wounded, berserk, 73% to hit)
You throw a large rock. The large rock hits Rupert.
Rupert is severely wounded.
Rupert hits you with a +2 great mace of pain!
* * * LOW HITPOINT WARNING * * *
You writhe in agony!
* * * LOW HITPOINT WARNING * * *
Rupert hits you with a +2 great mace of pain!!
* * * LOW HITPOINT WARNING * * *
Rupert hits you with a +2 great mace of pain.
You die...

######### ########## #.......#
###### ......<..#####
#.......#####.....
########.....###@†........##.....
#####..##@†.....##........
##....†.....#####.....
####.......# #..... ####.####
#..... #..## #...[. ##..# ######
##.# ###.. # ########### #.#
#.... # #.....>...### #####'#####
#....


You could see Rupert (berserk).

Vanquished Creatures
  2 tentacled starspawn
  A vault guard (Bailey)
  4 hydras
  A centaur warrior (D:12)
  6 death yaks (Lair:5)
  5 two-headed ogres
  A thrashing horror (Abyss:1)
  A wretched star (Abyss:1)
  Amaemon (D:10)
  A shadow wraith (Abyss:1)
  2 skysharks
  2 skeletal warriors (Volcano)
  A swamp dragon (Lair:2)
  3 cyclopes
  19 elephants
  A salamander (Lair:2)
  A black mamba (Lair:5)
  A rust devil (D:7)
  2 slime creatures (D:13)
  Joseph (D:10)
  5 gargoyles
  11 cane toads
  A naga zombie (Abyss:1)
  Maggie (D:7)
  An unseen horror (D:10)
  2 orange demons
  3 rime drakes
  12 komodo dragons
  A tormentor (Abyss:1)
  5 trolls
  4 polar bears (Lair:5)
  5 hornets (Lair:5)
  Prince Ribbit (D:6)
  A raiju (Abyss:1)
  21 blink frogs
  7 dream sheep (Lair:5)
  6 large abominations (Abyss:1)
  3 flying skulls (Volcano)
  4 shadows
  11 spriggans (Lair:5)
  2 alligator skeletons (Volcano)
  24 yaks
  8 wyverns
  A ynoxinul (Abyss:1)
  16 humans
  3 steam dragons
  6 basilisks
  A chaos spawn (Abyss:1)
  7 vampire mosquitoes
  2 acid dragons
  8 water moccasins
  10 orc warriors
  2 sky beasts (D:8)
  A swamp drake (D:8)
  4 black bears
  3 ice beasts
  An ogre (D:6)
  31 wolves
  4 boggarts (Lair:5)
  5 centaurs
  8 starcursed masses (Abyss:1)
  A kobold brigand (D:8)
  2 phantoms
  Blork the orc (D:4)
  11 bullfrogs
  4 scorpions
  7 wights
  5 small abominations (Abyss:1)
  2 troll skeletons (Volcano)
  17 killer bees
  An electric eel (Lair:4)
  3 howler monkeys (D:12)
  3 lava snakes (Lair:2)
  4 hounds
  4 jellies
  2 gnoll boudas
  10 orc priests
  4 iguanas
  3 sleepcaps
  13 orc wizards
  A naga skeleton (Volcano)
  12 gnolls
  6 adders
  4 shadow imps
  A white imp (Abyss:1)
  An ufetubus (Abyss:1)
  4 worms
  A dart slug (D:3)
  54 orcs
  8 ball pythons
  7 bats
  14 endoplasms
  8 giant cockroaches
  12 hobgoblins
  3 jackals (D:1)
  6 quokkas
  3 frilled lizards
  7 goblins
  6 kobolds
  4 rats
  A starspawn tentacle (Abyss:1)
568 creatures vanquished.

Vanquished Creatures (others)
  An orc knight (D:11)
  3 yaks (D:9)
  A bush (Lair:5)
  14 fungi
  25 plants
  8 starspawn tentacles
52 creatures vanquished.

Grand Total: 620 creatures vanquished

Notes
Turn   | Place    | Note
-------+----------+-------------------------------------------
     0 | D:1      | Fartwhistle the Troll Transmuter began the quest for the
                  | Orb.
     0 | D:1      | Reached XP level 1. HP: 18/18 MP: 1/1
   108 | D:1      | Reached XP level 2. HP: 26/26 MP: 2/2
   149 | D:1      | Found Xepeut's Armour Boutique.
   583 | D:2      | Reached XP level 3. HP: 32/32 MP: 3/3
   680 | D:2      | Reached skill level 1 in Fighting
   714 | D:2      | Reached XP level 4. HP: 37/41 MP: 4/4
  1039 | D:3      | Found a transporter.
  1144 | D:3      | Reached XP level 5. HP: 10/49 MP: 5/5
  1204 | D:3      | Noticed diceflayer's ghost (amateur DsFi)
  1251 | D:3      | Found a transporter.
  1382 | D:3      | Found a faded altar of an unknown god.
  1549 | D:3      | Found an ancient bone altar of Kikubaaqudgha.
  1669 | D:4      | Noticed Blork the orc
  1693 | D:4      | Killed Blork the orc
  1694 | D:4      | Reached skill level 5 in Unarmed Combat
  1752 | D:4      | Reached XP level 6. HP: 58/58 MP: 6/6
  1851 | D:4      | Found a staircase to the Ecumenical Temple.
  1866 | Temple   | Entered the Ecumenical Temple
  2103 | Temple   | Became a worshipper of Cheibriados the Contemplative
  2787 | D:5      | Entered Level 5 of the Dungeon
  2828 | D:5      | Reached XP level 7. HP: 63/70 MP: 5/7
  2873 | D:5      | Found Nerhuopp's Assorted Antiques.
  2882 | D:5      | Reached * piety under Cheibriados
  2931 | D:5      | Found a bloodstained altar of Trog.
  2949 | D:5      | Identified the +1 flail "Impbane" {drain, rF+ Will++}
  3272 | D:5      | Reached skill level 5 in Fighting
  3339 | D:5      | Reached skill level 1 in Invocations
  3459 | D:5      | Reached skill level 1 in Evocations
  3481 | D:5      | Reached ** piety under Cheibriados
  3505 | D:5      | Learned a level 2 spell: Wereblood
  3928 | D:6      | Reached XP level 8. HP: 42/80 MP: 6/9
  4282 | D:6      | Identified the +3 robe of Time Monsters {Fly}
  4328 | D:6      | Found a large runed translucent door.
  4329 | D:6      | Found a large runed translucent door.
  4330 | D:6      | Noticed Prince Ribbit
  4346 | D:6      | Killed Prince Ribbit
  4459 | D:6      | Found Ylyink's Fire Supplies.
  4535 | D:6      | Found a broken altar of Ashenzari.
  4544 | D:6      | Found an opulent altar of Gozag.
  4608 | D:7      | Reached skill level 5 in Invocations
  4652 | D:7      | Reached skill level 1 in Armour
  4680 | D:7      | Found a shimmering blue altar of Sif Muna.
  4692 | D:7      | Reached XP level 9. HP: 63/88 MP: 9/11
  4696 | D:7      | Reached *** piety under Cheibriados
  4809 | D:7      | Found a flagged portal.
  4838 | Bailey   | Entered a bailey
  5077 | Bailey   | Noticed a vault guard
  5097 | Bailey   | Killed a vault guard
  5104 | Bailey   | Reached XP level 10. HP: 54/104 MP: 12/12
  5252 | D:7      | Reached **** piety under Cheibriados
  5397 | D:7      | Noticed Maggie
  5415 | D:7      | You fall into a shaft and drop 1 floor!
  5548 | D:8      | HP: 3/104 [orc priest/+0 flail (7)]
  6090 | D:8      | Reached ***** piety under Cheibriados
  6134 | D:8      | Found a staircase to the Lair.
  6650 | D:9      | Found a staircase to the Orcish Mines.
  7051 | D:9      | Reached XP level 11. HP: 95/113 MP: 15/15
  7097 | D:9      | Noticed a catoblepas
  7509 | Lair:1   | Entered Level 1 of the Lair of Beasts
  8328 | D:10     | Entered Level 10 of the Dungeon
  8463 | D:10     | Noticed Joseph
  8470 | D:10     | Killed Joseph
  8652 | D:10     | Noticed Maurice
  8668 | D:10     | Noticed Amaemon
  8677 | D:10     | Killed Amaemon
  8681 | D:10     | Reached skill level 10 in Fighting
  9436 | D:11     | Noticed an orc knight
  9533 | D:11     | Got the Quarto of Blasted Malediction
  9628 | D:11     | Found a runed translucent door.
  9630 | D:11     | Found a shimmering altar of Xom.
  9630 | D:11     | Noticed doot's ghost (journeyman OgAE)
  9630 | D:11     | Noticed a +1 trident of chaos
  9753 | D:11     | Reached skill level 10 in Unarmed Combat
  9753 | D:11     | Reached XP level 12. HP: 94/127 MP: 16/16
  9766 | D:11     | Noticed a two-headed ogre
  9771 | D:11     | Killed a two-headed ogre
  9929 | D:11     | Identified the amulet "Solesh" {+Inv rPois rC++ Regen+
                  | Slay+2}
 10041 | D:11     | Noticed a two-headed ogre
 10052 | D:11     | Killed a two-headed ogre
 10289 | D:6      | Bought +0 fire dragon scales for 660 gold pieces
 10470 | Abyss:1  | Cast into level 1 of the Abyss (Maggie)
 10584 | Abyss:1  | Noticed a rakshasa
 10596 | Abyss:1  | Noticed a rakshasa
 10633 | Abyss:1  | Noticed a starcursed mass
 10639 | Abyss:1  | Paralysed by accursed screaming for 1 turns
 10677 | Abyss:1  | Found a corrupted altar of Lugonu.
 10705 | Abyss:1  | Noticed a tentacled starspawn
 10726 | Abyss:1  | Killed a tentacled starspawn
 10727 | Abyss:1  | Reached skill level 5 in Armour
 10839 | Abyss:1  | Learned a level 6 spell: Eringya's Noxious Bog
 10868 | Abyss:1  | Noticed a tentacled starspawn
 10874 | Abyss:1  | Reached skill level 1 in Poison Magic
 10878 | D:7      | Escaped the Abyss
 10882 | D:7      | Killed Maggie
 10883 | D:7      | Killed a tentacled starspawn
 10883 | D:7      | HP: 5/117 [shot self (13)]
 11292 | Lair:2   | Reached XP level 13. HP: 103/137 MP: 14/17
 11535 | Lair:2   | Found a staircase to the Swamp.
 11608 | Lair:2   | Found a staircase to the Snake Pit.
 12031 | Lair:3   | Reached skill level 5 in Transmutations
 12268 | Lair:3   | Reached ****** piety under Cheibriados
 12342 | Lair:3   | Identified the +5 falchion of Ytacyk {freeze, *Corrode
                  | rC+++ Str-2 Int+8}
 13049 | Lair:4   | Found a viscous altar of Jiyva.
 13049 | Lair:4   | Found a staircase to the Slime Pits.
 13103 | Lair:4   | You fall into a shaft and drop 1 floor!
 13103 | Lair:5   | Entered Level 5 of the Lair of Beasts
 13199 | Lair:5   | Found a dark tunnel.
 13210 | Lair:5   | Reached skill level 5 in Poison Magic
 13217 | Volcano  | Entered a volcano
 13688 | Lair:5   | Reached XP level 14. HP: 121/146 MP: 14/20
 13803 | Lair:5   | Reached skill level 5 in Spellcasting
 13863 | Lair:5   | Learned a level 6 spell: Statue Form
 13941 | Lair:5   | Reached skill level 1 in Earth Magic
 14172 | Lair:5   | Reached skill level 5 in Earth Magic
 15112 | D:7      | Found a shimmering altar of Xom.
 15365 | D:7      | Found a sacrificial altar of Ru.
 16683 | D:13     | Noticed Rupert
 16726 | D:13     | Found a gate to the Vaults.
 16847 | D:13     | Noticed Urug
 16881 | D:12     | HP: 4/146 [Rupert/+2 great mace of pain (26)]
 16881 | D:12     | Slain by Rupert

Illustrated notes

Levels and vault maps discovered:
D:1:      psy_arrival_conway, layout_basic, serial_shops, shop,
          chequers_decorated_corner, minmay_pentomino_q2
D:2:      layout_rooms, minmay_worlds_worst_comb
D:3:      layout_basic, kiku_gazebo_pond_becter, gammafunk_ghost_stat_death,
          hellmonk_ecumenical_altar_leap_of_faith
D:4:      layout_loops_corners, minmay_temple_entry_offerings,
          uniq_blork_the_orc
D:5:      layout_basic, mainiacjoe_overflow_tiny_flanked, serial_shops, shop
D:6:      layout_loops_cross, jmf_multi_god_temple2, nicolae_shop_fire_sale
          [nicolae_sub_dead_trees], uniq_prince_ribbit1
D:7:      layout_rooms, kennysheep_little_box, lemuel_doored_altar,
          mainiacjoe_overflow_24_doors, enter_bailey_4, roderic_serpentine_path,
          uniq_maggie
D:8:      layout_rooms, erik_lair_dragon
D:9:      layout_cave_pools, erik_orc_4, lightli_corner_chamber
D:10:     layout_loops_ring, uniq_maurice, uniq_joseph, uniq_amaemon
D:11:     layout_roguey [special_room_orc], serial_aquarium,
          aquarium_bridge_square [aquarium_subvault_wall,
          aquarium_subvault_wall, aquarium_subvault_wall,
          aquarium_subvault_bridge], aquarium_window_2, aquarium_window_corner,
          aquarium_view_2a, aquarium_balcony_3b, ebering_ghost_xom,
          grunt_ministairs_5, nrook_mini_vaults
D:12:     layout_roguey
D:13:     layout_roguey, david_vaults_3, uniq_josephine
Temple:   regret_index_temple_generic_petals
Lair:1:   layout_cave_shapes, patterned_corridor
Lair:2:   layout_big_grid, minmay_swamp_entry_reptiles,
          nicolae_snake_entry_warm_welcome, chequers_serial_rivers_room_b
Lair:3:   layout_misc_corridors, grunt_forest_stairs_basic
Lair:4:   layout_big_grid, nicolae_slime_entry_slimehenge,
          nicolae_lair_lil_pond, serial_bayou_shore_b,
          infiniplex_staircase_pool_2, serial_bayou_shore_a, lemuel_fruit_tree
Lair:5:   minmay_lair_end_enchanted_forest, layout_regular_city,
          nicolae_volcano_entry_hallway

Skill      XL: |  1  2  3  4  5  6  7  8  9 10 11 12 13 14 |
---------------+-------------------------------------------+-----
Transmutations | 2 3 4 6 7 |  7.7
Fighting       | 1 2 4 5 8 10 11 | 11.4
Unarmed Combat | 5 6 10 11 | 11.5
Invocations    | 2 5 7 |  7.0
Evocations     | 2 4 |  4.0
Dodging        | 2 3 4 |  4.0
Armour         | 1 3 4 5 |  5.0
Poison Magic   | 2 5 6 |  6.0
Spellcasting   | 2 4 5 |  5.2
Earth Magic    | 7 |  7.6

Action                     |  1- 3 |  4- 6 |  7- 9 | 10-12 | 13-15 || total
---------------------------+-------+-------+-------+-------+-------++-------
  Melee: Unarmed           |    93 |   152 |   225 |   488 |   548 ||  1506
         Headbutt          |     4 |     4 |    17 |    25 |    50 ||   100
         Kick              |     1 |     8 |    25 |    55 |    78 ||   167
         Punch             |       |       |     5 |    26 |    46 ||    77
  Throw: Dart              |       |       |       |     6 |       ||     6
         Boomerang         |       |       |       |     9 |       ||     9
         Large rock        |       |       |       |       |     1 ||     1
   Cast: Beastly Appendage |     3 |     8 |    18 |    27 |    18 ||    74
         Wereblood         |       |       |     2 |     2 |     5 ||     9
 Invoke: Slouch            |       |       |       |     9 |     9 ||    18
  Evoke: Wand              |       |       |       |    12 |     5 ||    17
         Tin of tremorston |       |       |       |     3 |       ||     3
         Phial of floods   |       |       |       |     1 |       ||     1
    Use: Potion            |       |     2 |     5 |     4 |       ||    11
         Scroll            |       |     6 |     7 |    15 |     7 ||    35
   Stab: Sleeping          |       |     1 |     1 |     3 |       ||     5
 Armour: Robe              |    38 |    35 |    33 |    66 |       ||   172
         Skin              |       |    14 |    49 |       |       ||    63
         Troll leather arm |       |       |       |     5 |       ||     5
         Fire dragon scale |       |       |       |    66 |   409 ||   475
  Dodge: Dodged            |    41 |    59 |    86 |   255 |   356 ||   797
